 Dungeon Crawl Stone Soup version 0.27.1-34-g3ba077fa99 (webtiles) character file.

Game seed: 15565343566269975211

97 Atelerd the Digger (level 4, -1/27 HPs)
             Began as an Octopode Earth Elementalist on Jan 4, 2022.
             Killed from afar by an orc wizard (12 damage)
             ... with a puff of flame
             ... on level 4 of the Dungeon.
             The game lasted 00:03:45 (3344 turns).

Atelerd the Digger (Octopode Earth Elementalist)    Turns: 3344, Time: 00:03:46

Health: -1/27      AC:  1    Str:  7    XL:     4   Next: 68%
Magic:  8/8        EV: 13    Int: 18    God:
Gold:   174        SH:  0    Dex: 12    Spells: 4/9 levels left

rFire    . . .     SeeInvis .   q - +0 dagger
rCold    . . .     Faith    .   (no shield)
rNeg     + . .     Spirit   .   (helmet restricted)
rPois    .         Reflect  .   a - amulet of regeneration
rElec    .         Harm     .   p - ring of positive energy
rCorr    .         Rampage  .   (no ring)
Will     .....                  (no ring)
Stlth    +++.......             (no ring)
HPRegen  1.09/turn              (no ring)
MPRegen  0.11/turn              (no ring)
                                (no ring)
                                (no ring)

@: slowed, very slow
A: almost no armour, amphibious, 8 rings, camouflage 1, gelatinous body 1,
(nimble swimmer 1), tentacles
a: no special abilities


You were on level 4 of the Dungeon.
You visited 1 branch of the dungeon, and saw 4 of its levels.
You also visited: Ossuary.

You collected 174 gold pieces.

Inventory:

Hand Weapons
 q - a +0 dagger (weapon)
Missiles
 b - 39 stones
Jewellery
 a - an amulet of regeneration (around mantle)
 h - an amulet of the acrobat
 p - a ring of positive energy (left tentacle)
Wands
 w - a wand of digging (3)
 x - a wand of iceblast (7)
Scrolls
 c - 3 scrolls of enchant armour {unknown}
 e - 6 scrolls of identify {unknown}
 g - 2 scrolls of noise {unknown}
 i - a scroll of holy word {unknown}
 k - a scroll of fog {unknown}
 l - 2 scrolls of teleportation {unknown}
 o - a scroll of silence {unknown}
 r - 3 scrolls of blinking {unknown}
 s - 3 scrolls of immolation {unknown}
 y - a scroll of torment {unknown}
Potions
 d - a potion of degeneration {unknown}
 f - 3 potions of cancellation
 j - a potion of lignification {unknown}
 m - 3 potions of mutation {unknown}
 n - a potion of magic {unknown}
 t - 2 potions of might {unknown}
 u - a potion of curing {unknown}
 v - a potion of attraction {unknown}
 z - a potion of haste {unknown}


   Skills:
 - Level 2.0 Dodging
 - Level 2.6 Stealth
 + Level 3.1 Spellcasting
 - Level 2.0 Transmutations
 + Level 4.1 Earth Magic


You had 4 spell levels left.
You knew the following spells:

 Your Spells              Type           Power      Damage    Failure   Level
a - Sandblast             Erth           34%        2d9       3%          1
p - Petrify               Tmut/Erth      13%        N/A       41%         4

Your spell library contained the following spells:

 Spells                   Type           Power      Damage    Failure   Level
 Passwall                 Tmut/Erth      10%        N/A       7%          2
 Stone Arrow              Conj/Erth      20%        3d8       21%         3


Dungeon Overview and Level Annotations

Branches:
Dungeon (4/15)            Ossuary (visited)
 Temple: D:4-7

Altars:
Beogh

Annotations:
D:1 exclusion: downstairs
D:3 3 runed translucent doors, faxtax's ghost, amateur MfIE


Innate Abilities, Weirdness & Mutations

You cannot wear most types of armour.
You are amphibious.
You can wear up to eight rings at the same time.
Your skin changes colour to match your surroundings (Stealth+).
Your rubbery body absorbs attacks. (AC +1, EV +1)
((You are camouflaged near water. (Stealth+)))
You have tentacles for arms and can constrict up to eight enemies at once.


Message History

You feel magically purged.
You feel yourself speed up. The wraith completely misses you.
Casting: Sandblast (safe; 3% risk of failure)
Confirm with . or Enter, or press ? or * to list all spells.
Okay, then.
Okay, then.
Okay, then.
Okay, then.
There is an open door here.
Press: ? - help, v - describe, . - travel A translucent unnaturally hard rock wall.
There is an open door here.
There is an open door here.
There is an open door here.
As you close the door, it creaks loudly!
A wraith opens the door.
Unknown command.
There is a gate leading back out of this place here.
Okay, then.
The wraith hits you. The wraith drains your vigour!
You feel yourself slow down.
Welcome back to the Dungeon!
The bullfrog skeleton barely misses you.
The bullfrog skeleton closely misses you.
The bullfrog skeleton hits you. The orc hits you but does no damage.
There is a collapsed entrance, spattered with blood here.
The bullfrog skeleton barely misses you.
The wraith hits you. The wraith drains your vigour!
You feel as though you will be slow longer.
The bullfrog skeleton closely misses you.
The bullfrog skeleton closely misses you. x2
The wraith hits you but does no damage.
The orc priest mumbles some strange prayers to Beogh against you.
Beogh smites you! The wraith hits you. The wraith drains your vigour!
You feel as though you will be slow longer.
The orc wizard points at you and mumbles some strange words.
The puff of flame hits you!
You die...

#.#........#
#.#........####.#
+...........$...#
#...#o...........
#..#...#..#######
#.........#
#..#..o#Z.#
##.#...oW##
#.....o@#
###.###........
#. ######### #.
#.


You could see a wraith, an orc priest, an orc wizard, 2 orcs and a bullfrog
skeleton.

Vanquished Creatures
  3 worms (D:2)
  3 dart slugs
  2 orcs (D:3)
  4 bats
  5 endoplasms
  2 giant cockroaches
  11 goblins
  12 hobgoblins
  5 kobolds
  3 quokkas
  7 ball pythons
  2 ball python skeletons (Ossuary)
  3 frilled lizards
  A hobgoblin skeleton (Ossuary)
  3 hobgoblin zombies (Ossuary)
  A kobold zombie (Ossuary)
  An orc skeleton (Ossuary)
  2 orc zombies (Ossuary)
  4 rats
74 creatures vanquished.

Notes
Turn   | Place    | Note
-------+----------+-------------------------------------------
     0 | D:1      | Atelerd the Octopode Earth Elementalist began the quest for
                  | the Orb.
     0 | D:1      | Reached XP level 1. HP: 11/11 MP: 3/3
    89 | D:1      | Reached XP level 2. HP: 7/17 MP: 1/5
   822 | D:1      | Found a faded altar of an unknown god.
   891 | D:1      | Reached XP level 3. HP: 21/21 MP: 4/6
  2224 | D:3      | Reached XP level 4. HP: 27/27 MP: 8/8
  2401 | D:3      | Found a runed translucent gate.
  2401 | D:3      | Found a runed translucent gate.
  2401 | D:3      | Found a runed translucent gate.
  2403 | D:3      | Noticed faxtax's ghost (amateur MfIE)
  2754 | D:3      | Reached skill level 4 in Earth Magic
  3089 | D:4      | Found a sand-covered staircase.
  3103 | Ossuary  | Entered an ossuary
  3124 | Ossuary  | Learned a level 4 spell: Petrify
  3222 | Ossuary  | Noticed a flying skull
  3222 | Ossuary  | Noticed a wraith
  3231 | Ossuary  | Noticed a flying skull
  3233 | Ossuary  | Noticed a flying skull
  3235 | Ossuary  | Noticed a flying skull
  3241 | Ossuary  | Noticed a flying skull
  3264 | Ossuary  | Noticed a wraith
  3344 | D:4      | Killed from afar by an orc wizard

Illustrated notes

Levels and vault maps discovered:
D:1:      dpeg_arrival_fog, layout_basic,
          hellmonk_ecumenical_altar_defaced_shrine
D:2:      layout_basic, minmay_cupped
D:3:      cheibrodos_greedy_goblins, layout_loops_cross, gammafunk_ghost_split,
          minmay_misc_feat_enclosed, dk_noncrumbling_2
D:4:      layout_loops_ring, nicolae_ossuary_entry_ruins, serial_shops,
          kennysheep_little_box

Skill      XL: |  1  2  3  4 |
---------------+-------------+-----
Transmutations | 2 |  2.0
Spellcasting   | 3 |  3.1
Earth Magic    | 4 |  4.1
Dodging        | |  2.0
Stealth        | |  2.6

Action                   |  1- 3 |  4- 6 || total
-------------------------+-------+-------++-------
Melee: Unarmed           |    23 |       ||    23
       Constrict         |    13 |    16 ||    29
       Tentacles         |    12 |    12 ||    24
       Dagger            |    16 |    53 ||    69
 Cast: Sandblast         |    47 |    15 ||    62
  Use: Potion            |       |     1 ||     1
 Stab: Sleeping          |     4 |     7 ||    11
       Distracted        |       |     1 ||     1
Armor: Skin              |     5 |     5 ||    10
Dodge: Dodged            |    25 |    47 ||    72
